TOP OF THE 1ST |
Virginia Beach Whales batting - Pitching for Biloxi Shuckers : RHP Francisco Borges
|
Pitching: RHP Francisco Borges
|
|
Batting: RHB Daniel MacKinder
|
0-0: Called Strike 0-1: Ball 1-1: Swinging Strike 1-2: SINGLE (Groundball, 34D, EV 95.6 MPH)
|
Batting: LHB Walker Ragland
|
0-0: SINGLE (Line Drive, 34, EV 105.0 MPH) Daniel MacKinder to second
|
Batting: RHB Óscar Cardozo
|
0-0: Called Strike 0-1: Swinging Strike 0-2: Strikes out looking
|
Batting: RHB Todd Walker
|
0-0: Ball 1-0: Ball 2-0: Foul Ball, location: 2F 2-1: Ball 3-1: Fly out, F7 (Flyball, 7, EV 96.2 MPH)
|
Batting: RHB Paul Pitts
|
0-0: Called Strike 0-1: Ball 1-1: Ball 2-1: Fly out, F9 (Flyball, 9S, EV 90.0 MPH)
|
Top of the 1st over - 0 runs, 2 hits, 0 errors, 2 left on base; Virginia Beach 0 - Biloxi 0 |
BOTTOM OF THE 1ST |
Biloxi Shuckers batting - Pitching for Virginia Beach Whales : LHP Mark Taylor
|
Pitching: LHP Mark Taylor
|
|
Batting: RHB Joselito Amengual
|
0-0: Called Strike 0-1: Called Strike 0-2: Ball 1-2: Fly out, F7 (Flyball, 7LS, EV 83.1 MPH)
|
Batting: RHB Ricardo Ojíto
|
0-0: Ball 1-0: Ball 2-0: Fly out, F9 (Flyball, 9LD, EV 98.1 MPH)
|
Batting: RHB Habib Othman
|
0-0: Ball 1-0: Ground out 6-3 (Groundball, 6, EV 110.0 MPH)
|
Bottom of the 1st over - 0 runs, 0 hits, 0 errors, 0 left on base; Virginia Beach 0 - Biloxi 0 |
TOP OF THE 2ND |
Virginia Beach Whales batting - Pitching for Biloxi Shuckers : RHP Francisco Borges
|
Batting: LHB Asberry Harpending
|
0-0: Ball 1-0: Fly out, F7 (Flyball, 7S, EV 83.1 MPH)
|
Batting: RHB Juan Oleastro
|
0-0: Fly out, F9 (Flyball, 9LMF, EV 76.2 MPH)
|
Batting: RHB Jessie Gibbs
|
0-0: Ball 1-0: Foul Ball, location: 2F 1-1: Called Strike 1-2: Ball 2-2: Ball 3-2: Ground out 5-3 (Groundball, 56S, EV 89.4 MPH)
|
Top of the 2nd over - 0 runs, 0 hits, 0 errors, 0 left on base; Virginia Beach 0 - Biloxi 0 |
BOTTOM OF THE 2ND |
Biloxi Shuckers batting - Pitching for Virginia Beach Whales : LHP Mark Taylor
|
Batting: RHB Guan-xiu Long
|
0-0: Ball 1-0: Ball 2-0: SOLO HOME RUN (Flyball, 7LD, EV 100.6 MPH), Distance : 352 ft
|
Batting: RHB Randy Moore
|
0-0: Called Strike 0-1: Foul Ball, location: 2F 0-2: Ball 1-2: Strikes out swinging
|
Batting: RHB Tyler Namaes
|
0-0: Called Strike 0-1: Swinging Strike 0-2: Strikes out looking
|
Batting: RHB Raúl Yánez
|
0-0: Swinging Strike 0-1: Ball 1-1: TRIPLE (Flyball, 78XD, EV 111.2 MPH)
|
Batting: RHB Rickard Busald
|
0-0: Called Strike 0-1: Ground out U3 (Groundball, 3L, EV 108.8 MPH)
|
Bottom of the 2nd over - 1 run, 2 hits, 0 errors, 1 left on base; Virginia Beach 0 - Biloxi 1 |
TOP OF THE 3RD |
Virginia Beach Whales batting - Pitching for Biloxi Shuckers : RHP Francisco Borges
|
Batting: RHB Roberto González
|
0-0: Ball 1-0: Ball 2-0: Called Strike 2-1: Fly out, F8 (Flyball, 8RS, EV 89.4 MPH)
|
Batting: RHB Daniel MacKinder
|
0-0: Ball 1-0: Foul Ball, location: 2F 1-1: Ball 2-1: Swinging Strike 2-2: SINGLE (Flyball, 89S, EV 96.2 MPH)
|
Batting: LHB Walker Ragland
|
0-0: Called Strike 0-1: Ball 1-1: Ball 2-1: Called Strike 2-2: Foul Ball, location: 2F 2-2: Ball 3-2: Fly out, F6 (Popup, 6S, EV 81.9 MPH)
|
Batting: RHB Óscar Cardozo
|
0-0: Foul Ball, location: 2F 0-1: Ground out 6-3 (Groundball, 6S, EV 86.9 MPH)
|
Top of the 3rd over - 0 runs, 1 hit, 0 errors, 1 left on base; Virginia Beach 0 - Biloxi 1 |
BOTTOM OF THE 3RD |
Biloxi Shuckers batting - Pitching for Virginia Beach Whales : LHP Mark Taylor
|
Batting: RHB Pablo Morterero
|
0-0: Ball 1-0: Ball 2-0: Foul Ball, location: 2F 2-1: Foul Ball, location: 2F 2-2: Ball 3-2: Fly out, F8 (Flyball, 8LXD, EV 95.6 MPH)
|
Batting: RHB Joselito Amengual
|
0-0: Called Strike 0-1: Ball 1-1: Foul Ball, location: 2F 1-2: Foul Ball, location: 2F 1-2: Strikes out swinging
|
Batting: RHB Ricardo Ojíto
|
0-0: Foul Ball, location: 2F 0-1: DOUBLE (Flyball, 8LXD, EV 106.2 MPH)
|
Batting: RHB Habib Othman
|
0-0: Ball 1-0: Foul Ball, location: 2F 1-1: Ball 2-1: Foul Ball, location: 2F 2-2: Ball 3-2: Strikes out swinging
|
Bottom of the 3rd over - 0 runs, 1 hit, 0 errors, 1 left on base; Virginia Beach 0 - Biloxi 1 |
TOP OF THE 4TH |
Virginia Beach Whales batting - Pitching for Biloxi Shuckers : RHP Francisco Borges
|
Batting: RHB Todd Walker
|
0-0: Called Strike 0-1: Ball 1-1: Ball 2-1: Ball 3-1: Foul Ball, location: 2F 3-2: Base on Balls
|
Batting: RHB Paul Pitts
|
0-0: Foul Ball, location: 2F 0-1: Ball 1-1: Ball 2-1: Ball 3-1: Base on Balls Todd Walker to second
|
Batting: LHB Asberry Harpending
|
0-0: Foul Ball, location: 2F 0-1: Ball 1-1: Ball 2-1: Ball 3-1: Swinging Strike 3-2: Foul Ball, location: 2F 3-2: Foul Ball, location: 2F 3-2: Foul Ball, location: 2F 3-2: Foul Ball, location: 2F 3-2: TRIPLE (Groundball, 3L, EV 101.9 MPH) Todd Walker scores Paul Pitts scores
|
Batting: RHB Juan Oleastro
|
0-0: Ball 1-0: Ball 2-0: Foul Ball, location: 2F 2-1: Foul Ball, location: 2F 2-2: Fly out, F2 (Popup, 2RF, EV 95.6 MPH)
|
Batting: RHB Jessie Gibbs
|
0-0: Ball 1-0: Ground out 4-3 (Groundball, 4D, EV 88.8 MPH) Asberry Harpending scores
|
Batting: RHB Roberto González
|
0-0: Ball 1-0: Called Strike 1-1: Fly out, F8 (Flyball, 8RD, EV 105.6 MPH)
|
Top of the 4th over - 3 runs, 1 hit, 0 errors, 0 left on base; Virginia Beach 3 - Biloxi 1 |
BOTTOM OF THE 4TH |
Biloxi Shuckers batting - Pitching for Virginia Beach Whales : LHP Mark Taylor
|
Batting: RHB Guan-xiu Long
|
0-0: Swinging Strike 0-1: Ball 1-1: DOUBLE (Line Drive, 89D, EV 113.1 MPH)
|
Batting: RHB Randy Moore
|
0-0: Ball 1-0: Ball 2-0: Called Strike 2-1: SINGLE (Line Drive, 8LS, EV 105.0 MPH) Guan-xiu Long to third
|
Batting: RHB Tyler Namaes
|
0-0: Ball 1-0: Fielders Choice at 2nd, 5-4 (Groundball, 56, EV 91.9 MPH) Guan-xiu Long scores
|
Batting: RHB Raúl Yánez
|
0-0: Called Strike 0-1: Fielders Choice at 2nd, 5-4 (Groundball, 56, EV 83.1 MPH)
|
Batting: RHB Rickard Busald
|
0-0: Called Strike 0-1: Ball 1-1: Ball 2-1: Ball 3-1: SINGLE (Flyball, 7LS, EV 92.5 MPH) Raúl Yánez to second
|
Batting: RHB Pablo Morterero
|
0-0: Swinging Strike 0-1: Ball 1-1: Foul Ball, location: 2F 1-2: Strikes out swinging
|
Bottom of the 4th over - 1 run, 3 hits, 0 errors, 2 left on base; Virginia Beach 3 - Biloxi 2 |
TOP OF THE 5TH |
Virginia Beach Whales batting - Pitching for Biloxi Shuckers : RHP Francisco Borges
|
Batting: RHB Daniel MacKinder
|
0-0: Called Strike 0-1: Ball 1-1: SINGLE (Groundball, 4, EV 86.9 MPH) (infield hit)
|
Batting: LHB Walker Ragland
|
0-0: Ball 1-0: Called Strike 1-1: Fly out, F3 (Popup, 3SF, EV 78.1 MPH)
|
Batting: RHB Óscar Cardozo
|
0-0: Called Strike Daniel MacKinder is caught stealing 2nd base 2-4 0-1: Swinging Strike 0-2: Fly out, F8 (Line Drive, 8LM, EV 85.6 MPH)
|
Top of the 5th over - 0 runs, 1 hit, 0 errors, 0 left on base; Virginia Beach 3 - Biloxi 2 |
BOTTOM OF THE 5TH |
Biloxi Shuckers batting - Pitching for Virginia Beach Whales : LHP Mark Taylor
|
Batting: RHB Joselito Amengual
|
0-0: Ball 1-0: Swinging Strike 1-1: Ball 2-1: Swinging Strike 2-2: Foul Ball, location: 2F 2-2: Ball 3-2: Foul Ball, location: 2F 3-2: Ground out 6-3 (Groundball, 6M, EV 89.4 MPH)
|
Batting: RHB Ricardo Ojíto
|
0-0: Swinging Strike 0-1: Ground out 6-3 (Groundball, 6, EV 80.6 MPH)
|
Batting: RHB Habib Othman
|
0-0: Called Strike 0-1: Ball 1-1: SINGLE (Line Drive, 7LS, EV 96.9 MPH)
|
Batting: RHB Guan-xiu Long
|
0-0: Ball 1-0: SINGLE (Flyball, 6MD, EV 92.5 MPH) Habib Othman to second Runner from 2nd tries for 3rd, SAFE, no throw by CF
|
Batting: RHB Randy Moore
|
0-0: Called Strike 0-1: Foul Ball, location: 2F 0-2: Ball 1-2: Fly out, F7 (Flyball, 7S, EV 88.1 MPH)
|
Bottom of the 5th over - 0 runs, 2 hits, 0 errors, 2 left on base; Virginia Beach 3 - Biloxi 2 |
TOP OF THE 6TH |
Virginia Beach Whales batting - Pitching for Biloxi Shuckers : RHP Francisco Borges
|
Batting: RHB Todd Walker
|
0-0: Called Strike 0-1: Ball 1-1: Foul Ball, location: 2F 1-2: Ball 2-2: SINGLE (Groundball, 4D, EV 99.4 MPH)
|
Batting: RHB Paul Pitts
|
0-0: Ball 1-0: Ball 2-0: Ball 3-0: Base on Balls Todd Walker to second
|
Batting: LHB Asberry Harpending
|
0-0: Ball 1-0: Ball 2-0: Foul Ball, location: 2F 2-1: Ball 3-1: SINGLE (Line Drive, 9S, EV 98.8 MPH) Todd Walker to third Paul Pitts to second
|
Pitching: RHP Steve Davis
|
|
Batting: RHB Juan Oleastro
|
0-0: Swinging Strike 0-1: Ball 1-1: Ball 2-1: Ball 3-1: GRAND SLAM HOME RUN (Flyball, 7D, EV 98.8 MPH), Distance : 370 ft
|
Batting: RHB Jessie Gibbs
|
0-0: Ball 1-0: Called Strike 1-1: Ball 2-1: Ground out 4-3 (Groundball, 4M, EV 85.6 MPH)
|
Batting: RHB Roberto González
|
0-0: Ball 1-0: Called Strike 1-1: Ball 2-1: Called Strike 2-2: Foul Ball, location: 2F 2-2: Foul Ball, location: 2F 2-2: Strikes out looking
|
Batting: RHB Daniel MacKinder
|
0-0: Called Strike 0-1: SINGLE (Groundball, 3D, EV 99.4 MPH)
|
Batting: LHB Walker Ragland
|
0-0: Called Strike Daniel MacKinder is caught stealing 2nd base 2-6
|
Top of the 6th over - 4 runs, 4 hits, 0 errors, 0 left on base; Virginia Beach 7 - Biloxi 2 |
BOTTOM OF THE 6TH |
Biloxi Shuckers batting - Pitching for Virginia Beach Whales : LHP Mark Taylor
|
Batting: RHB Tyler Namaes
|
0-0: Ball 1-0: Ball 2-0: Swinging Strike 2-1: Ball 3-1: Base on Balls
|
Batting: RHB Raúl Yánez
|
0-0: Ball 1-0: Called Strike 1-1: Foul Ball, location: 2F 1-2: DOUBLE (Line Drive, 9LM, EV 103.8 MPH) Tyler Namaes to third Runner from 3rd tries for Home, SAFE, throw by RF to trailing runner, SAFE at third!
|
Pitching: RHP Quan Yang
|
|
Batting: RHB Rickard Busald
|
0-0: Called Strike 0-1: Ball 1-1: Foul Ball, location: 2F 1-2: Foul Ball, location: 2F 1-2: Foul Ball, location: 2F 1-2: Fly out, F9 (Flyball, 9LSF, EV 87.5 MPH) Runner from 3rd tags up, SCORES, no throw by RF
|
Batting: RHB Pablo Morterero
|
0-0: Ground out 6-3 (Groundball, 56, EV 86.9 MPH)
|
Batting: RHB Joselito Amengual
|
0-0: Called Strike 0-1: Ball 1-1: Called Strike 1-2: Ball 2-2: Ball 3-2: Base on Balls
|
Batting: RHB Ricardo Ojíto
|
0-0: Ball 1-0: Swinging Strike 1-1: Foul Ball, location: 2F 1-2: Foul Ball, location: 2F 1-2: Ground out 4-3 (Groundball, 34, EV 93.1 MPH)
|
Bottom of the 6th over - 2 runs, 1 hit, 0 errors, 1 left on base; Virginia Beach 7 - Biloxi 4 |
TOP OF THE 7TH |
Virginia Beach Whales batting - Pitching for Biloxi Shuckers : RHP Steve Davis
|
Batting: LHB Walker Ragland
|
0-0: Called Strike 0-1: Called Strike 0-2: Ball 1-2: SINGLE (Groundball, 56D, EV 98.1 MPH)
|
Batting: RHB Óscar Cardozo
|
0-0: Ball 1-0: Foul Ball, location: 2F 1-1: Foul Ball, location: 2F 1-2: Foul Ball, location: 2F 1-2: Foul Ball, location: 2F 1-2: Strikes out swinging
|
Batting: RHB Todd Walker
|
0-0: Ball 1-0: Foul Ball, location: 2F 1-1: Swinging Strike 1-2: Strikes out looking
|
Batting: RHB Paul Pitts
|
0-0: Ball 1-0: Swinging Strike 1-1: Swinging Strike 1-2: Strikes out swinging
|
Top of the 7th over - 0 runs, 1 hit, 0 errors, 1 left on base; Virginia Beach 7 - Biloxi 4 |
BOTTOM OF THE 7TH |
Biloxi Shuckers batting - Pitching for Virginia Beach Whales : RHP Quan Yang
|
Batting: RHB Habib Othman
|
0-0: Ground out 6-3 (Groundball, 6, EV 105.0 MPH)
|
Batting: RHB Guan-xiu Long
|
0-0: Ball 1-0: Foul Ball, location: 2F 1-1: Swinging Strike 1-2: Ball 2-2: Foul Ball, location: 2F 2-2: Ball 3-2: Foul Ball, location: 2F 3-2: Base on Balls
|
Batting: RHB Randy Moore
|
0-0: Called Strike Guan-xiu Long is caught stealing 2nd base 2-4 0-1: Swinging Strike 0-2: Ball 1-2: Ball 2-2: Ground out 5-3 (Groundball, 56, EV 88.1 MPH)
|
Bottom of the 7th over - 0 runs, 0 hits, 0 errors, 0 left on base; Virginia Beach 7 - Biloxi 4 |
TOP OF THE 8TH |
Virginia Beach Whales batting - Pitching for Biloxi Shuckers : RHP Steve Davis
|
Batting: LHB Asberry Harpending
|
0-0: Foul Ball, location: 2F 0-1: Ball 1-1: Called Strike 1-2: Ball 2-2: Ball 3-2: DOUBLE (Line Drive, 9LS, EV 88.8 MPH)
|
Batting: RHB Juan Oleastro
|
0-0: Ball 1-0: Fly out, F7 (Line Drive, 7, EV 95.6 MPH)
|
Batting: RHB Jessie Gibbs
|
0-0: Ball 1-0: Foul Ball, location: 2F 1-1: Foul Ball, location: 2F 1-2: Ball 2-2: Strikes out swinging
|
Batting: RHB Roberto González
|
0-0: Ball 1-0: Ball 2-0: Swinging Strike 2-1: Foul Ball, location: 2F 2-2: Foul Ball, location: 2F 2-2: Ball 3-2: Ground out 1-3 (Groundball, 34S, EV 88.8 MPH)
|
Top of the 8th over - 0 runs, 1 hit, 0 errors, 1 left on base; Virginia Beach 7 - Biloxi 4 |
BOTTOM OF THE 8TH |
Biloxi Shuckers batting - Pitching for Virginia Beach Whales : RHP Quan Yang
|
Batting: RHB Tyler Namaes
|
0-0: SINGLE (Groundball, 34D, EV 103.1 MPH)
|
Batting: RHB Raúl Yánez
|
0-0: Ball 1-0: Fly out, F9 (Flyball, 89D, EV 90.6 MPH)
|
Batting: RHB Rickard Busald
|
0-0: Called Strike 0-1: Foul Ball, location: 2F 0-2: Ball 1-2: Ball 2-2: Ball 3-2: Base on Balls Tyler Namaes to second
|
Batting: RHB Pablo Morterero
|
0-0: Ball 1-0: Foul Ball, location: 2F 1-1: Grounds into double play, 5-4-3 (Groundball, 5, EV 100.0 MPH)
|
Bottom of the 8th over - 0 runs, 1 hit, 0 errors, 1 left on base; Virginia Beach 7 - Biloxi 4 |
TOP OF THE 9TH |
Virginia Beach Whales batting - Pitching for Biloxi Shuckers : RHP Steve Davis
|
Pitching: RHP Karisnu Raghunathan
|
|
Batting: RHB Daniel MacKinder
|
0-0: Called Strike 0-1: Foul Ball, location: 2F 0-2: Strikes out looking
|
Batting: LHB Walker Ragland
|
0-0: Ball 1-0: Called Strike 1-1: Swinging Strike 1-2: Ball 2-2: SINGLE (Line Drive, 56, EV 102.5 MPH)
|
Batting: RHB Óscar Cardozo
|
0-0: Called Strike 0-1: Ball 1-1: Swinging Strike 1-2: Strikes out swinging
|
Batting: RHB Todd Walker
|
0-0: Ball 1-0: Reached on error, E5 (Groundball, 5, EV 91.2 MPH) Walker Ragland to second
|
Batting: RHB Paul Pitts
|
0-0: Ball 1-0: Foul Ball, location: 2F 1-1: Called Strike 1-2: Strikes out looking
|
Top of the 9th over - 0 runs, 1 hit, 1 error, 2 left on base; Virginia Beach 7 - Biloxi 4 |
BOTTOM OF THE 9TH |
Biloxi Shuckers batting - Pitching for Virginia Beach Whales : RHP Quan Yang
|
Pitching: RHP António Arrojo
|
|
Batting: RHB Joselito Amengual
|
0-0: Foul Ball, location: 2F 0-1: Ground out 6-3 (Groundball, 6, EV 96.9 MPH)
|
Batting: RHB Ricardo Ojíto
|
0-0: Foul Ball, location: 2F 0-1: Fly out, F7 (Flyball, 7LSF, EV 83.1 MPH)
|
Batting: RHB Habib Othman
|
0-0: DOUBLE (Flyball, 8RD, EV 104.4 MPH)
|
Batting: RHB Guan-xiu Long
|
0-0: Ball 1-0: Ball 2-0: Swinging Strike 2-1: Ground out 1-3 (Groundball, 13S, EV 71.9 MPH)
|
Bottom of the 9th over - 0 runs, 1 hit, 0 errors, 1 left on base; Virginia Beach 7 - Biloxi 4 |
|